 Dungeon Crawl Stone Soup version 0.22-a0-346-ga714374 (webtiles) character file.

7683 JeffiDaFish the Geomancer (level 11, -3/56 HPs)
             Began as a Gargoyle Earth Elementalist on Apr 6, 2018.
             Was a High Priest of Sif Muna.
             Slain by BubbleThief's ghost (7 damage)
             ... on level 9 of the Dungeon.
             The game lasted 00:28:15 (9989 turns).

JeffiDaFish the Geomancer (GrEE)                    Turns: 9989, Time: 00:28:16

Health: -3/56      AC: 21    Str: 12    XL:     11   Next: 19%
Magic:  1/25       EV: 15    Int: 19    God:    Sif Muna [*****.]
Gold:   223        SH:  0    Dex: 10    Spells: 18/30 levels left

rFire    . . .     SeeInvis .   e - +0 mace (holy)
rCold    . . .     Gourm    .   (no shield)
rNeg     + . .     Faith    .   c - +2 robe
rPois    ∞         Spirit   .   w - +2 hat {MR+}
rElec    +         Reflect  .   (no cloak)
rCorr    .         Harm     .   (no gloves)
MR       ++...                  x - +1 pair of boots
Stlth    ++........             (no amulet)
HPRegen  0.18/turn              i - +5 ring of protection
MPRegen  0.19/turn              o - +3 ring of evasion

@: no status effects
A: magic resistance 1, negative energy resistance 1, electricity resistance,
wild magic 1, unbreathing, petrification resistance, rot immunity, AC +8
a: Divine Energy, Channel Magic, Forget Spell, Renounce Religion


You were on level 9 of the Dungeon.
You worshipped Sif Muna.
Sif Muna was extremely pleased with you.
You were not hungry.

You visited 1 branch of the dungeon, and saw 9 of its levels.

You collected 475 gold pieces.
You spent 252 gold pieces at shops.

Inventory:

Hand Weapons
 e - a +0 mace of holy wrath (weapon)
 l - a +0 morningstar of freezing
 u - a +1 flail of crushing
Missiles
 b - 156 stones (quivered)
Armour
 c - a +2 robe (worn)
 w - a +2 hat of magic resistance (worn)
 x - a +1 pair of boots (worn)
Jewellery
 i - a +5 ring of protection (left hand)
 o - a +3 ring of evasion (right hand)
 s - a +2 ring of slaying
 v - a +2 ring of intelligence
Wands
 j - a wand of scattershot (3)
 p - a wand of iceblast (8)
Scrolls
 f - 2 scrolls of identify
 h - 4 scrolls of teleportation
 m - 2 scrolls of amnesia
 q - 4 scrolls of blinking
 r - 2 scrolls of remove curse
Potions
 a - 8 potions of curing
 g - a potion of mutation
 k - a potion of heal wounds
 n - a potion of haste
 t - a potion of might
Comestibles
 d - 16 rations


   Skills:
 + Level 1.0 Fighting
 - Level 1.5 Dodging
 - Level 2.1 Stealth
 * Level 10.4 Spellcasting
 + Level 6.6 Conjurations
   Level 0.7 Transmutations
 * Level 13.3 Earth Magic


You had 18 spell levels left.
You knew the following spells:

 Your Spells              Type           Power        Failure   Level  Hunger
a - Sandblast             Erth           ######       1%          1    None
b - Stone Arrow           Conj/Erth      ######       1%          3    None
c - Lee's Rapid Deconstr  Erth           ######....   1%          5    #####..
d - Mephitic Cloud        Conj/Pois/Air  ###.....     13%         3    None


Dungeon Overview and Level Annotations

Branches:
Dungeon (9/15)             Temple (0/1) D:6
   Lair: D:8-11         Orc: D:9-12

Altars:
Ashenzari
Nemelex Xobeh
Okawaru
Sif Muna

Shops:
D:7 ?

Annotations:
D:9 BubbleThief's ghost, novice HOFi


Innate Abilities, Weirdness & Mutations

You are resistant to torment.
Your stone body is resilient. (AC +8)
You are immune to poison.
You resist negative energy. (rN+)
You are resistant to electric shocks. (rElec)
You can survive without breathing.
You are immune to petrification.
You are immune to rotting.
You are resistant to hostile enchantments. (MR+)
Your spells are a little harder to cast, but a little more powerful.


Message History

Aim: BubbleThief's ghost (almost destroyed)
The stone arrow hits BubbleThief's ghost.
BubbleThief's ghost is almost destroyed.
BubbleThief's ghost barely misses you.
You hit BubbleThief's ghost but do no damage.
BubbleThief's ghost is almost destroyed.
BubbleThief's ghost hits you but does no damage.
You hit BubbleThief's ghost.
BubbleThief's ghost convulses.
BubbleThief's ghost is almost destroyed.
BubbleThief's ghost hits you! x2
You hit BubbleThief's ghost but do no damage.
BubbleThief's ghost is almost destroyed.
BubbleThief's ghost hits you!!
* * * LOW HITPOINT WARNING * * *
You barely miss BubbleThief's ghost.
BubbleThief's ghost is almost destroyed.
BubbleThief's ghost hits you!
* * * LOW HITPOINT WARNING * * *
BubbleThief's ghost hits you!
You die...

#..#
#.#
#.#
#.#
#..#
#.#
#.#
#.#
#..#
#.#
#.#
#.#
#..#
#.#
#.#
#.#
#..#
#.#
#.#
#.#
#..#
#.#
#.#
#.#
#..#
#.#
#.#
#..#
#.#
#.#
#..#
#@#
#.#
#..#
#W#
#.#
#..#
#.#
#.#
#..#
#.#
#.#
#..#
#.#
#.#
#[.#
#.#
#.#
#..#
#.#
#.#
#..#
#.#
#.#
#..#
#.#
#.#


You could see BubbleThief's ghost.

Vanquished Creatures
  Gastronok (D:8)
  A merfolk siren (D:6)
  A gargoyle (D:8)
  A hornet (D:9)
  4 merfolk (D:6)
  Prince Ribbit (D:8)
  3 hippogriffs (D:8)
  A wraith (D:8)
  The ghost of estick the Chopper, an amateur HOMo (D:3)
  A wyvern (D:8)
  A hungry ghost (D:8)
  A steam dragon (D:7)
  An acid dragon (D:8)
  An ice beast (D:7)
  2 phantoms
  A necrophage (D:8)
  8 ogres
  3 sky beasts
  A centaur (D:6)
  A bullfrog (D:8)
  3 scorpions
  7 killer bees
  2 crimson imps
  A bullfrog zombie (D:6)
  2 hounds
  4 orc priests
  7 orc wizards
  A bullfrog skeleton (D:5)
  2 centaur skeletons
  Jessica (D:3)
  An iguana (D:8)
  5 worker ants
  A worker ant zombie (D:9)
  7 gnolls
  8 adders
  A howler monkey skeleton (D:7)
  5 shadow imps
  An ooze (D:1)
  2 adder skeletons
  2 worms
  3 dart slugs (D:2)
  3 leopard geckos
  21 orcs
  2 ball pythons
  12 bats
  7 giant cockroaches
  9 goblins
  4 hobgoblins
  9 jackals
  3 quokkas
  6 frilled lizards
  12 kobolds
  A leopard gecko zombie (D:8)
  A quokka skeleton (D:4)
  A quokka zombie (D:8)
  9 rats
201 creatures vanquished.

Notes
Turn   | Place    | Note
-------+----------+-------------------------------------------
     0 | D:1      | JeffiDaFish the Gargoyle Earth Elementalist began the quest for the Orb.
     0 | D:1      | Reached XP level 1. HP: 10/10 MP: 3/3
   154 | D:1      | Reached skill level 4 in Earth Magic
   154 | D:1      | Reached XP level 2. HP: 11/15 MP: 3/5
   558 | D:1      | Gained mutation: Your spells are a little harder to cast, but a little more powerful. [potion of mutation]
   558 | D:1      | Gained mutation: You are resistant to hostile enchantments. (MR+) [potion of mutation]
   604 | D:1      | Reached XP level 3. HP: 19/19 MP: 4/7
  1134 | D:2      | Reached XP level 4. HP: 21/24 MP: 8/8
  1149 | D:2      | Learned a level 3 spell: Stone Arrow
  1342 | D:2      | Reached skill level 5 in Earth Magic
  1783 | D:3      | Reached XP level 5. HP: 28/28 MP: 6/10
  2287 | D:3      | Noticed estick's ghost (amateur HOMo)
  2365 | D:3      | Killed estick's ghost
  2365 | D:3      | Reached skill level 6 in Earth Magic
  2365 | D:3      | Reached XP level 6. HP: 23/32 MP: 10/12
  2686 | D:3      | Noticed Jessica
  2691 | D:3      | Killed Jessica
  2706 | D:3      | Found a deep blue altar of Sif Muna.
  2718 | D:3      | Became a worshipper of Sif Muna the Loreminder
  3246 | D:4      | Reached skill level 7 in Earth Magic
  3246 | D:4      | Reached XP level 7. HP: 36/36 MP: 9/14
  3287 | D:4      | Reached skill level 5 in Spellcasting
  3319 | D:4      | Learned a level 5 spell: Lee's Rapid Deconstruction
  3894 | D:4      | Reached * piety under Sif Muna
  3894 | D:4      | Reached skill level 8 in Earth Magic
  4066 | D:4      | Reached XP level 8. HP: 41/41 MP: 11/17
  4349 | D:5      | Entered Level 5 of the Dungeon
  4851 | D:5      | Reached skill level 9 in Earth Magic
  5180 | D:6      | Found a sparkling altar of Nemelex Xobeh.
  5205 | D:6      | Reached skill level 1 in Conjurations
  5287 | D:6      | Found a staircase to the Ecumenical Temple.
  5607 | D:6      | Reached ** piety under Sif Muna
  5639 | D:6      | Reached XP level 9. HP: 45/45 MP: 9/20
  5692 | D:6      | Found a shattered altar of Ashenzari.
  5696 | D:6      | Saw a vision of the Shoals and the Snake Pit.
  5696 | D:6      | Noticed a merfolk
  5696 | D:6      | Noticed a merfolk siren
  5696 | D:6      | Noticed a merfolk
  5696 | D:6      | Noticed a merfolk
  5696 | D:6      | Noticed a merfolk siren
  5696 | D:6      | Noticed a merfolk
  5696 | D:6      | Noticed a shock serpent
  5696 | D:6      | Noticed a mana viper
  5702 | D:6      | Noticed a naga mage
  5927 | D:6      | Killed a merfolk
  5927 | D:6      | Reached skill level 10 in Earth Magic
  6012 | D:6      | Killed a merfolk siren
  6109 | D:6      | Killed a merfolk
  6220 | D:6      | Killed a merfolk
  6494 | D:6      | Reached *** piety under Sif Muna
  6632 | D:6      | Killed a merfolk
  6632 | D:6      | Reached skill level 11 in Earth Magic
  6710 | D:7      | Found Kaorch's Magic Scroll Shop.
  6751 | D:7      | Bought a scroll of enchant armour for 105 gold pieces
  6751 | D:7      | Bought a scroll of enchant armour for 105 gold pieces
  6751 | D:7      | Bought a scroll of teleportation for 42 gold pieces
  7029 | D:7      | Reached XP level 10. HP: 50/50 MP: 11/22
  7734 | D:8      | Noticed Gastronok
  7762 | D:8      | Killed Gastronok
  7762 | D:8      | Reached **** piety under Sif Muna
  7762 | D:8      | Reached skill level 5 in Conjurations
  7762 | D:8      | Reached skill level 12 in Earth Magic
  8307 | D:8      | Found an iron altar of Okawaru.
  8398 | D:8      | Noticed a gargoyle
  8400 | D:8      | Killed a gargoyle
  8400 | D:8      | Reached skill level 10 in Spellcasting
  8409 | D:8      | Noticed Prince Ribbit
  8417 | D:8      | Killed Prince Ribbit
  8417 | D:8      | Reached skill level 13 in Earth Magic
  8417 | D:8      | Reached XP level 11. HP: 54/54 MP: 1/25
  8781 | D:8      | Reached ***** piety under Sif Muna
  9178 | D:9      | Noticed BubbleThief's ghost (novice HOFi)
  9191 | D:8      | Identified Sif Muna's Reference Book on Earthen Attacks (Sif Muna gifted it to you on level 8 of the Dungeon)
  9191 | D:8      | Received a gift from Sif Muna
  9199 | D:8      | Learned a level 3 spell: Mephitic Cloud
  9686 | D:9      | Reached skill level 1 in Fighting
  9989 | D:9      | Slain by BubbleThief's ghost

Vault maps used:
D:1:      elethiomel_arrival_maze
D:2:      serial_corexii_hall, corexii_hall_statues_i, corexii_hall_statues_x
D:3:      roderic_filled_cross, tgw_sif
D:4:      first_ration, grunt_ministairs_9
D:6:      nemelex_xobeh_ov_fountains_minmay, minmay_temple_entry_statues,
          minivault_27, grunt_ashenzari_visionary
D:7:      serial_shops, shop_coins
D:8:      minmay_diamond_stairs, okawaru_gym_becter, uniq_gastronok,
          uniq_prince_ribbit1
D:9:      serial_shops, shop

Skill      XL: |  1  2  3  4  5  6  7  8  9 10 11 |
---------------+----------------------------------+-----
Earth Magic    | 4 5 6 7 8 9 11 13 | 13.3
Spellcasting   | 3 4 6 7 8 10 | 10.4
Conjurations   | 2 4 6 |  6.6
Fighting       | 1 |  1.0
Dodging        | |  1.5
Stealth        | |  2.1
Transmutations | |  0.7

Action                   |  1- 3 |  4- 6 |  7- 9 | 10-12 || total
-------------------------+-------+-------+-------+-------++-------
Melee: Mace              |    68 |    75 |    19 |    20 ||   182
       Morningstar       |       |    15 |   155 |       ||   170
       Flail             |       |       |       |    90 ||    90
 Cast: Sandblast         |    30 |    24 |    28 |    25 ||   107
       Stone Arrow       |       |     6 |    26 |    35 ||    67
       Lee's Rapid Decon |       |       |    18 |    18 ||    36
  Use: Scroll            |     5 |     1 |     7 |     8 ||    21
       Potion            |     3 |     2 |     2 |     3 ||    10
 Stab: Sleeping          |     1 |     6 |     3 |     1 ||    11
  Eat: Chunk             |     1 |     7 |    18 |    11 ||    37
       Ration            |       |       |       |     1 ||     1
Armor: Robe              |    44 |    34 |   100 |    60 ||   238
Dodge: Dodged            |    90 |    83 |   222 |   126 ||   521

Table legend:
 A = Spawn XP
 B = Non-spawn XP
 C = Spawn XP percentage of total XP
 D = Spawn monster count
 E = Non-spawn monster count
 F = Spawn count percentage of total count
 G = Total turns spent on level
                    A         B        C        D         E        F      G
               +---------+---------+-------+---------+---------+-------+---------
         Total |       0 |   10976 |   0.0 |       0 |     201 |   0.0 |  9989
               +---------+---------+-------+---------+---------+-------+---------
           D:1 |       0 |      43 |   0.0 |       0 |      18 |   0.0 |   688
           D:2 |       0 |      83 |   0.0 |       0 |      33 |   0.0 |  1082
           D:3 |       0 |     402 |   0.0 |       0 |      28 |   0.0 |  1456
           D:4 |       0 |     751 |   0.0 |       0 |      20 |   0.0 |  1123
           D:5 |       0 |     431 |   0.0 |       0 |      14 |   0.0 |   817
           D:6 |       0 |    2504 |   0.0 |       0 |      19 |   0.0 |  1539
           D:7 |       0 |     829 |   0.0 |       0 |      28 |   0.0 |   983
           D:8 |       0 |    5615 |   0.0 |       0 |      38 |   0.0 |  1882
           D:9 |       0 |     318 |   0.0 |       0 |       3 |   0.0 |   419
               +---------+---------+-------+---------+---------+-------+---------
